 Dungeon Crawl Stone Soup version 0.25-a0-670-g50981ef59b (webtiles) character file.

Game seed: 9591031503962341560, levelgen mode: deterministic

72 Glundar the Grave Robber (level 4, -4/30 HPs)
             Began as a Mummy Necromancer on Mar 29, 2020.
             Slain by a gnoll (8 damage)
             ... on level 2 of the Dungeon.
             The game lasted 00:10:16 (1661 turns).

Glundar the Grave Robber (Mummy Necromancer)        Turns: 1661, Time: 00:10:17

Health: -4/30      AC:  3    Str: 11    XL:     4   Next: 6%
Magic:  5/9        EV: 11    Int: 15    God:
Gold:   66         SH:  0    Dex: 12    Spells: 7/9 levels left

rFire    x . .     SeeInvis .   l - +0 halberd
rCold    + . .     Gourm    .   (shield currently unavailable)
rNeg     + + +     Faith    .   j - +0 leather armour
rPois    ∞         Spirit   .   (no helmet)
rElec    .         Reflect  .   (no cloak)
rCorr    .         Harm     .   (no gloves)
MR       .....                  (no boots)
Stlth    ++........             (no amulet)
HPRegen  0.10/turn              (no ring)
MPRegen  0.11/turn              (no ring)

@: no status effects
A: no food or potions, fire vulnerability, cold resistance 1, negative energy
resistance 3, torment resistance, unbreathing
a: no special abilities


You were on level 2 of the Dungeon.
You were not hungry.

You visited 1 branch of the dungeon, and saw 2 of its levels.

You collected 66 gold pieces.

Inventory:

Hand Weapons
 h - a +0 whip
 l - a +0 halberd (weapon)
Missiles
 g - 74 stones (quivered)
 i - 19 sling bullets
Armour
 a - a +0 robe
 j - a +0 leather armour (worn)
Scrolls
 b - a scroll of teleportation {unknown}
 c - 2 scrolls of amnesia {unknown}
 d - 3 scrolls of identify {unknown}
 e - a scroll of magic mapping {unknown}
 k - a scroll of remove curse {unknown}


   Skills:
   Level 0.9(1.0) Axes
 + Level 0.2(0.6) Polearms
 - Level 1.5 Dodging
 + Level 2.1 Stealth
 + Level 3.4 Spellcasting
 + Level 4.7 Necromancy


You had 7 spell levels left.
You knew the following spells:

 Your Spells              Type           Power        Failure   Level  Hunger
a - Pain                  Necr           ###.         3%          1    N/A
b - Animate Skeleton      Necr           N/A          3%          1    N/A

Your spell library contained the following spells:

 Spells                   Type           Power        Failure   Level  Hunger
 Vampiric Draining        Necr           ###.......   11%         3    N/A
 Animate Dead             Necr           N/A          34%         4    N/A
 Agony                    Necr           ###.....     69%         5    N/A

Dungeon Overview and Level Annotations

Branches:
Dungeon (2/15)

Altars:


Innate Abilities, Weirdness & Mutations

You do not eat or drink.
Your flesh is vulnerable to fire.
You are immune to poison.
Your flesh is cold resistant. (rC+)
You are immune to negative energy. (rN+++)
You are immune to unholy pain and torment.
You can survive without breathing.


Message History

Casting: Pain (safe; 3% risk of failure)
Confirm with . or Enter, or press ? or * to list all spells.
Aiming: Pain (safe; 3% risk of failure)
Press: ? - help, Shift-Dir - straight line, f/p - gnoll
Aim: a gnoll, wielding a +0 flail (heavily wounded, chance to defeat MR: 81%)
The gnoll writhes in agony.
The gnoll closely misses you.
Casting: Pain (safe; 3% risk of failure)
Confirm with . or Enter, or press ? or * to list all spells.
Aiming: Pain (safe; 3% risk of failure)
Press: ? - help, Shift-Dir - straight line, f/p - gnoll
Aim: a gnoll, wielding a +0 flail (almost dead, chance to defeat MR: 81%)
The gnoll writhes in agony.
You kill the gnoll!
You have reached level 4!
You hit the gnoll but do no damage. The gnoll hits you.
* * * LOW HITPOINT WARNING * * *
The gnoll hits you with a +0 club.
* * * LOW HITPOINT WARNING * * *
The gnoll hits you!
You die...

.....## #......####### #..#
#.......#### ## #..#
#.......##.. .#
#.###.......##.# .#
###......)....##.# ##.#
......#.......##g# ...#
....#.#........#g# #..#
###............#@###..#
..!...#.######.#.g....#
.....#.#######.#####.##
.##.......)......Z##.##
.....#####!.#####%#.Z.##
...........<# #......#
###..#####..# #.......#
###..#####..# #..........
............#####.......#.#


You could see 3 gnolls.

Vanquished Creatures
  5 gnolls
  An adder (D:2)
  A leopard gecko (D:1)
  A hobgoblin (D:1)
  2 jackals (D:1)
  4 bats (D:2)
  2 goblins (D:1)
  3 kobolds (D:1)
  2 rats
21 creatures vanquished.

Vanquished Creatures (others)
  A frilled lizard (D:1)
1 creature vanquished.

Grand Total: 22 creatures vanquished

Notes
Turn   | Place    | Note
-------+----------+-------------------------------------------
     0 | D:1      | Glundar the Mummy Necromancer began the quest for the Orb.
     0 | D:1      | Reached XP level 1. HP: 13/13 MP: 4/4
    67 | D:1      | Learned a level 1 spell: Animate Skeleton
   418 | D:1      | Reached XP level 2. HP: 18/19 MP: 3/5
  1133 | D:2      | Reached XP level 3. HP: 24/24 MP: 3/7
  1148 | D:1      | HP: 1/24 [gnoll (4)]
  1660 | D:2      | Reached XP level 4. HP: 10/30 MP: 5/9
  1661 | D:2      | Slain by a gnoll

Levels and vault maps discovered:
D:1:      shiori_arrival_oz, layout_loops_ring
D:2:      cheibrodos_helix_gallery, layout_loops_cross

Skill      XL: |  1  2  3 |
---------------+----------+-----
Spellcasting   | 3 |  3.4
Stealth        | 2 |  2.1
Axes           | |  0.9
Polearms       | |  0.2
Dodging        | |  1.5
Necromancy     | |  4.7

Action                   |  1- 3 |  4- 6 || total
-------------------------+-------+-------++-------
Melee: Unarmed           |    13 |       ||    13
       Hand axe          |    10 |       ||    10
       Halberd           |     2 |     1 ||     3
 Cast: Pain              |    41 |     1 ||    42
       Animate Skeleton  |     4 |       ||     4
Armor: Robe              |     4 |       ||     4
       Leather armour    |     3 |       ||     3
Dodge: Dodged            |    23 |       ||    23

Table legend:
 A = Non-vault XP
 B = Vault XP
 C = Vault XP percentage of total XP
 D = Non-vault monster count
 E = Vault monster count
 F = Vault count percentage of total count
                 A         B        C        D         E       F
            +---------+---------+-------+---------+---------+-------
      Total |     101 |       2 |   1.9 |      20 |       1 |   4.8
            +---------+---------+-------+---------+---------+-------
        D:1 |      45 |       2 |   4.3 |      11 |       1 |   8.3
        D:2 |      56 |       0 |   0.0 |       9 |       0 |   0.0
            +---------+---------+-------+---------+---------+-------
